 Dungeon Crawl Stone Soup version 0.19-a0-1834-g6b7851e (webtiles) character file.

98 Alarkh the Ruffian (level 4, -13/40 HPs)
             Began as a Ghoul Monk on Oct 9, 2016.
             Killed by divine providence
             ... invoked by an orc priest
              (17 damage)
             ... on level 4 of the Dungeon.
             The game lasted 00:03:12 (1750 turns).

Alarkh the Ruffian (Ghoul Monk)                     Turns: 1750, Time: 00:03:13

Health: -13/40     AC:  2    Str: 14    XL:     4   Next: 71%
Magic:  3/3        EV: 13    Int:  6    God:
Gold:   126        SH:  0    Dex: 11    Spells: 0 memorised, 3 levels left

rFire  . . .     SeeInvis .       - Unarmed
rCold  + . .     Gourm    .     a - +0 robe
rNeg   + + +     Faith    .     (no shield)
rPois  ∞         Spirit   .     (no helmet)
rElec  .         Dismiss  .     (no cloak)
rCorr  .         Reflect  .     (no gloves)
MR     .....     Harm     .     (no boots)
Stlth  ++........               (no amulet)
                                (no ring)
                                (no ring)

@: rotting
A: rotting body, claws 1, carnivore 3, cold resistance 1, negative energy
resistance 3, slow regeneration 1, torment resistance, unbreathing
a: no special abilities


You were on level 4 of the Dungeon.
You were not hungry.

You visited 1 branch of the dungeon, and saw 4 of its levels.

You collected 126 gold pieces.

Inventory:

Armour
 a - a +0 robe (worn)
Jewellery
 k - an uncursed ring of ice
Wands
 h - a wand of paralysis (6/24)
 n - a wand of enslavement (15/24)
Scrolls
 d - 2 scrolls of remove curse
 e - a scroll of identify
 m - a scroll of random uselessness {unknown}
Potions
 f - 2 potions of degeneration
 j - a potion of curing {unknown}
 l - 2 potions of heal wounds
Comestibles
 b - 2 meat rations
 c - 3 chunks of flesh
 g - 2 royal jellies
 i - 2 beef jerkies


   Skills:
 + Level 4.1 Fighting
 + Level 3.1 Dodging
 - Level 2.1 Stealth
 * Level 4.8 Unarmed Combat


You had 3 spell levels left.
You didn't know any spells.

Dungeon Overview and Level Annotations

Branches:
Dungeon (4/15)
 Temple: D:4-7

Altars:
Makhleb

Annotations:
D:2 Sigmund


Innate Abilities, Weirdness & Mutations

Your body is rotting away.
You thrive on raw meat.
You are immune to poison.
You have sharp fingernails.
You are carnivorous and can eat meat at any time.
Your flesh is cold resistant. (rC+)
You are immune to negative energy. (rN+++)
You regenerate slowly when monsters are visible.
You are immune to unholy pain and torment.
You can survive without breathing.


Message History

Beogh smites you!
* * * LOW HITPOINT WARNING * * *
Okay, then.
The leopard gecko hisses angrily.
The giant cockroach barely misses you. The leopard gecko misses you.
The leopard gecko barely misses you.
As you read the scroll labeled NEAWAXT MYIJ, it crumbles to dust.
You feel blessed for a moment.
It was a scroll of remove curse.
The giant cockroach barely misses you. The leopard gecko bites you.
* * * LOW HITPOINT WARNING * * *
The orc shouts!
The leopard gecko misses you. The adder barely misses you.
The leopard gecko bites you but does no damage.
The giant cockroach misses you. The adder bites you.
* * * LOW HITPOINT WARNING * * *
The orc priest calls down the wrath of Beogh upon you.
Beogh smites you!
You die...

.................oo)........
#####........######.######.
######.......o### #.#
##...............####.#####
#...######.....o...#......#
#...#...#.................#
##...#.# #)......so.#......#
.......#
#......l...#.........
.......#
#.#####@S..#......o....
.......# #.
#................. .......#
#..........##...$. ......)#
#.## #..........# .....
.......# ...# #..........#
..... .......# ...#
#.......... .......# ...#
#......... .......# ...#
#####....# .....).# ...#


You could see an orc priest, an adder, 2 orcs, a leopard gecko and a giant
cockroach.

Vanquished Creatures
  4 adders
  2 worms
  A dart slug (D:3)
  2 leopard geckos
  3 orcs
  4 bats
  3 giant cockroaches (D:3)
  3 goblins (D:1)
  6 hobgoblins
  2 quokkas (D:3)
  9 frilled lizards
  5 kobolds (D:3)
  7 rats
51 creatures vanquished.

Notes
Turn   | Place    | Note
-------+----------+-------------------------------------------
     0 | D:1      | Alarkh the Ghoul Monk began the quest for the Orb.
     0 | D:1      | Reached XP level 1. HP: 19/19 MP: 0/0
    55 | D:1      | Reached XP level 2. HP: 19/26 MP: 1/1
   466 | D:1      | You fall through a shaft!
   466 | D:2      | Noticed Sigmund
   493 | D:3      | Reached XP level 3. HP: 31/31 MP: 2/2
   513 | D:3      | Found a burning altar of Makhleb.
  1123 | D:3      | Reached XP level 4. HP: 25/40 MP: 3/3
  1750 | D:4      | Killed from afar by an orc priest

Vault maps used:
D:1:      dpeg_arrival_simpleton_c
D:2:      minmay_door_path, lemuel_coloured_pillars_altar,
          grunt_temple_overflow_open, uniq_sigmund
D:3:      bloody_makhleb, minivault_26
D:4:      led_sif_pool, overflow_temple_1_default, chei_slow_surprise

Skill      XL: |  1  2  3 |
---------------+----------+-----
Unarmed Combat | 4 |  4.8
Fighting       | 4 |  4.1
Dodging        | 3 |  3.1
Stealth        | |  2.1

Action                   |  1- 3 |  4- 6 || total
-------------------------+-------+-------++-------
Melee: Unarmed           |   110 |    43 ||   153
  Use: Scroll            |     2 |     2 ||     4
       Potion            |     1 |       ||     1
 Stab: Sleeping          |     6 |     1 ||     7
  Eat: Chunk             |     4 |     2 ||     6
Armor: Robe              |    16 |     6 ||    22
Dodge: Dodged            |    63 |    27 ||    90
